 Dungeon Crawl Stone Soup version 0.30-a0-840-ga523dec638 (webtiles) character file.

Game seed: 17712770616607488449

843 Esekla the Covert (level 8, -6/54 HPs)
             Began as an Octopode Delver on Mar 1, 2023.
             Was an Initiate of Gozag.
             Mangled by a gnoll
             ... wielding a +0 halberd
             ... led by a gnoll bouda
              (17 damage)
             ... on level 5 of the Dungeon.
             The game lasted 00:24:15 (5141 turns).

Esekla the Covert (Octopode Delver)                 Turns: 5141, Time: 00:24:16

Health: -6/54      AC:  1    Str: 11    XL:     8   Next: 0%
Magic:  11/11      EV: 14    Int: 15    God:    Gozag
Gold:   651        SH:  0    Dex: 13    Spells: 11/11 levels left

rFire   . . .      SeeInvis .    a - +0 falchion
rCold   + . .      Faith    .    (no shield)
rNeg    . . .      Spirit   .    (helmet restricted)
rPois   .          Reflect  .    (no amulet)
rElec   .          Harm     .    w - ring of protection from cold
rCorr   .          Rampage  .    (no ring)
Will    .....                    (no ring)
Stlth   +++++                    (no ring)
HPRegen 0.29/turn                (no ring)
MPRegen 0.12/turn                (no ring)
                                 (no ring)
                                 (no ring)

@: gold aura, flying
A: almost no armour, amphibious, 8 rings, camouflage 1, gelatinous body 1,
(nimble swimmer 1), tentacles
a: Renounce Religion, Potion Petition, Call Merchant, Bribe Branch


You were on level 5 of the Dungeon.
You worshipped Gozag.
Gozag was pleased with you.
You visited 2 branches of the dungeon, and saw 6 of its levels.

You collected 652 gold pieces.
You paid 1 gold pieces to Gozag.

Inventory:

Hand Weapons
 a - a +0 falchion (weapon)
 r - a +0 trident
 s - a +0 dagger
Missiles
 i - 2 boomerangs (quivered)
 n - 5 curare-tipped darts
 q - 2 poisoned darts
Jewellery
 w - a ring of protection from cold (left tentacle)
Wands
 f - a wand of digging (3)
Scrolls
 b - a scroll of fog
 c - 2 scrolls of magic mapping
 e - a scroll of blinking {unknown}
 g - 3 scrolls of noise {unknown}
 h - 2 scrolls of enchant weapon {unknown}
 k - 2 scrolls of identify {unknown}
 l - a scroll of enchant armour {unknown}
 m - a scroll of summoning {unknown}
 p - a scroll of teleportation {unknown}
 u - a scroll of poison {unknown}
 x - a scroll of amnesia {unknown}
Potions
 d - 3 potions of flight
 j - a potion of invisibility {unknown}
 o - 2 potions of heal wounds {unknown}
 t - a potion of resistance {unknown}
 v - a potion of lignification {unknown}
 z - a potion of curing {unknown}


   Skills:
 * Level 4.5 Fighting
 + Level 0.4(3.5) Short Blades
 * Level 5.8 Long Blades
 + Level 0.5 Throwing
 * Level 3.3 Dodging
 + Level 8.7 Stealth
 * Level 2.3 Spellcasting


You had 11 spell levels left.
You didn't know any spells.
Your spell library contained the following spells:

 Spells                   Type           Power      Damage    Failure   Level
 Foxfire                  Conj/Fire      4%         2x1d4     22%         1
 Ensorcelled Hibernation  Hex/Ice        2%         N/A       32%         2
 Passwall                 Tmut/Erth      0%         N/A       32%         2
 Gell's Gravitas          Tloc           1%         N/A       54%         3
 Swiftness                Air            1%         N/A       54%         3
 Teleport Other           Tloc           1%         N/A       54%         3
 Fireball                 Conj/Fire      0%         3d3       99%         5
 Dispersal                Tloc           0%         N/A       100%        6
 Starburst                Conj/Fire      0%         6d3       100%        6


Dungeon Overview and Level Annotations

Branches:
Dungeon (5/15)             Temple (1/1) D:5

Altars:
Ashenzari
Cheibriados
Dithmenos
Gozag
Hepliaklqana
Makhleb
Nemelex Xobeh
Okawaru
Ru
Uskayaw
Yredelemnul
Zin
The Shining One

Shops:
D:1 (

Annotations:
D:3 Ijyb


Innate Abilities, Weirdness & Mutations

You cannot wear most types of armour.
You are amphibious.
You can wear up to eight rings at the same time.
Your skin changes colour to match your surroundings (Stealth+).
Your rubbery body absorbs attacks. (AC +1, EV +1)
((You are camouflaged when in or above water. (Stealth+)))
You have tentacles for arms and can constrict up to eight enemies at once.


Message History

The gnoll bouda misses you.
You hit the gnoll bouda but do no damage.
You squeeze the gnoll bouda.
The gnoll bouda is moderately wounded.
You constrict the gnoll bouda.
The gnoll bouda hits you but does no damage.
You hit the gnoll bouda but do no damage.
The gnoll bouda is heavily wounded.
You constrict the gnoll bouda.
The gnoll bouda struggles to escape constriction.
The gnoll hits you from afar with a +0 halberd.
You hit the gnoll bouda but do no damage.
You squeeze the gnoll bouda.
The gnoll bouda is almost dead.
You constrict the gnoll bouda, but do no damage.
The gnoll bouda prays to its god.
The gnoll bouda is healed somewhat.
The gnoll closely misses you.
Okay, then.
You hit the gnoll bouda but do no damage.
The gnoll bouda is heavily wounded.
You constrict the gnoll bouda.
The gnoll hits you from afar with a +0 halberd!
The gnoll bouda escapes!
The gnoll closely misses you.
Okay, then.
You closely miss the gnoll bouda. You grab the gnoll bouda.
You squeeze the gnoll bouda.
The gnoll bouda is severely wounded.
Your attacks no longer feel as feeble.
You constrict the gnoll bouda, but do no damage.
The gnoll closely misses you.
The gnoll bouda hits you with a +0 club!
* * * LOW HITPOINT WARNING * * *
The gnoll completely misses you.
It was a potion of flight.
You feel very buoyant.
You fly up into the air.
You constrict the gnoll bouda, but do no damage.
The gnoll hits you from afar with a +0 halberd!
You die...
Your body crumbles into a pile of gold.

#c.....#..# #.### #.
######.##.#....## #...# #.
...........##...# #.#.## #.
#..........##...# #.#..###.
#.........###..# #.#......
#.........# #..#########.#..####
#....##### #...................
##....## ###....#####.##.....
###...#..#######@g#...###.##.....
..>.#.##..........###...#.##)....
....#..........gg................
......##########.#######..##.....
......# #.# #.........
.....###########.## ##.#..####
..................## ##.#..#
#..)..#########.#..#####..#..##
#.#.#.# #.....##.......##...##


You could see a gnoll bouda and 2 gnolls.

Vanquished Creatures
  Grinder (D:4)
  A water moccasin (D:5)
  A phantom (D:5)
  Blork the orc (D:4)
  A bullfrog (D:4)
  A scorpion (D:5)
  A gnoll bouda (D:4)
  A jelly (D:4)
  4 gnolls
  8 adders
  A shadow imp (D:5)
  2 ufetubi (D:5)
  3 worms
  2 dart slugs (D:1)
  6 orcs
  4 ball pythons
  2 bats
  5 endoplasms
  4 giant cockroaches
  5 goblins
  6 hobgoblins
  6 jackals
  9 kobolds
  4 quokkas
  A frilled lizard (D:3)
  5 rats
85 creatures vanquished.

Vanquished Creatures (others)
  27 plants (D:5)
27 creatures vanquished.

Grand Total: 112 creatures vanquished

Notes
Turn   | Place    | Note
-------+----------+-------------------------------------------
     0 | D:5      | Esekla the Octopode Delver began the quest for the Orb.
     0 | D:5      | Reached XP level 1. HP: 16/16 MP: 1/1
     5 | D:5      | Found a staircase to the Ecumenical Temple.
    10 | Temple   | Entered the Ecumenical Temple
   236 | D:5      | Noticed a centaur
   236 | D:5      | Noticed an iguana
   373 | D:5      | Reached XP level 2. HP: 6/21 MP: 2/2
   378 | D:5      | HP: 1/21 [poisoned by an adder]
   511 | D:5      | Noticed a water moccasin
   629 | Temple   | Became a worshipper of Gozag Ym Sagoz the Greedy
   732 | D:5      | Noticed a troll
   743 | D:5      | Reached skill level 7 in Stealth
   915 | D:4      | Reached XP level 3. HP: 24/26 MP: 3/3
   934 | D:4      | Noticed a bullfrog
  1019 | D:4      | Noticed Grinder
  1278 | D:3      | Reached XP level 4. HP: 31/31 MP: 5/5
  1501 | D:3      | Noticed Ijyb
  1888 | D:1      | Found Puohod's Weapon Boutique.
  2037 | D:1      | Reached skill level 1 in Spellcasting
  2579 | D:2      | Reached XP level 5. HP: 36/36 MP: 6/6
  3460 | D:3      | Paralysed by Ijyb for 4 turns
  3467 | D:3      | Paralysed by Ijyb for 3 turns
  3595 | D:4      | Reached skill level 8 in Stealth
  3618 | D:4      | Paralysed by Grinder for 2 turns
  3625 | D:4      | Reached XP level 6. HP: 38/42 MP: 6/8
  4135 | D:4      | Noticed Blork the orc
  4317 | D:5      | Reached XP level 7. HP: 17/47 MP: 9/9
  4546 | D:4      | Killed Blork the orc
  4772 | D:4      | Paralysed by Grinder for 4 turns
  4779 | D:4      | Paralysed by Grinder for 2 turns
  4785 | D:4      | Killed Grinder
  4786 | D:4      | Reached skill level 5 in Long Blades
  5134 | D:5      | Reached XP level 8. HP: 43/54 MP: 11/11
  5141 | D:5      | Mangled by a gnoll

Illustrated notes

Levels and vault maps discovered:
D:1:      ncdulo_halloftheorcs, layout_loops_ring, serial_shops, shop,
          serial_rivers, chequers_serial_rivers_small_3,
          chequers_serial_rivers_micro_e, chequers_serial_rivers_small_b,
          chequers_serial_rivers_marsh, chequers_serial_rivers_room_b
D:2:      layout_basic
D:3:      layout_basic, uniq_ijyb
D:4:      layout_loops_ring, uniq_blork_the_orc, uniq_grinder
D:5:      layout_rooms, minmay_temple_entry_ruins, lexackson_kobold_supper
Temple:   mainiacjoe_temple_cubbyholes

Skill      XL: |  1  2  3  4  5  6  7 |
---------------+----------------------+-----
Stealth        | 7 8 |  8.7
Long Blades    | 3 4 5 |  5.8
Spellcasting   | 1 2 |  2.3
Fighting       | 4 |  4.5
Dodging        | 3 |  3.3
Short Blades   | |  0.4
Throwing       | |  0.5

Action                     |  1- 3 |  4- 6 |  7- 9 || total
---------------------------+-------+-------+-------++-------
  Melee: Falchion          |    26 |   128 |    27 ||   181
         Tentacles         |     6 |    27 |    13 ||    46
         Constrict         |     8 |    28 |     7 ||    43
         Dagger            |     7 |    24 |     3 ||    34
         Punch             |       |     4 |       ||     4
  Throw: Boomerang         |       |     2 |     8 ||    10
    Use: Potion            |     1 |       |     1 ||     2
         Scroll            |     1 |       |       ||     1
   Stab: Sleeping          |     5 |    21 |     1 ||    27
         Distracted        |       |     2 |       ||     2
 Armour: Skin              |     4 |     8 |     1 ||    13
  Dodge: Dodged            |    21 |    77 |    19 ||   117

Table legend: (Time is in decaauts)
 A = Elapsed time spent in this place.
 B = Non-inter-level travel time spent in this place.
 C = Inter-level travel time spent in this place.
 D = Time resting spent in this place.
 E = Time spent auto-exploring this place.
 F = Levels seen in this place.
 G = Mean time per level.
                   A        B        C        D        E       F      G
               +--------+--------+--------+--------+--------+-----+--------+
         Total |   5135 |   4955 |    180 |   1083 |   1469 |   6 |  855.8 |
       Dungeon |   4881 |   4767 |    114 |   1083 |   1293 |   5 |  976.2 |
        Temple |    254 |    188 |     66 |      0 |    176 |   1 |  254.0 |
               +--------+--------+--------+--------+--------+-----+--------+

Top non-repeatable levels by time:
     D:4: 1201 daAuts
     D:5: 1029 daAuts
     D:2: 965 daAuts
     D:3: 938 daAuts
     D:1: 747 daAuts
  Temple: 254 daAuts
